 Dungeon Crawl Stone Soup version 0.30-a0-374-g95c0257040 (webtiles) character file.

Game seed: 2130253243519021825

47 DasRunzen the Slasher (level 4, 0/34 (37) HPs)
             Began as a Meteoran Reaver on Nov 25, 2022.
             Slain by a hobgoblin (4 damage)
             ... led by Robin
             ... on level 2 of the Dungeon.
             The game lasted 00:02:39 (614 turns).

DasRunzen the Slasher (Meteoran Reaver)              Turns: 614, Time: 00:02:40

HP:   0/34 (37)     AC:  4    Str: 16    XL:     4   Next: 17%
MP:   5/9           EV: 12    Int: 14    God:
Gold: 102           SH:  0    Dex: 12    Spells: 8/9 levels left

rFire   . . .      SeeInvis .    a - +0 falchion
rCold   . . .      Faith    .    (no shield)
rNeg    . . .      Spirit   .    b - +0 leather armour
rPois   .          Reflect  .    (no helmet)
rElec   .          Harm     .    i - +0 cloak
rCorr   .          Rampage  .    (no gloves)
Will    .....                    (no boots)
Stlth   +.........               (no amulet)
HPRegen 0.25/turn                (no ring)
MPRegen 0.11/turn                (no ring)

@: slowed, glowing, drained, very slow
A: sense surroundings 1, otherworldly, glowing, explore regen
a: no special abilities


You were on level 2 of the Dungeon.
You visited 1 branch of the dungeon, and saw 2 of its levels.

You collected 102 gold pieces.

Inventory:

Hand Weapons
 a - a +0 falchion (weapon)
Armour
 b - a +0 leather armour (worn)
 i - a +0 cloak (worn)
Jewellery
 f - an amulet of regeneration
Scrolls
 c - a scroll of teleportation {unknown}
 e - a scroll of butterflies {unknown}
 g - a scroll of enchant weapon {unknown}
Potions
 d - a potion of magic {unknown}
 h - a potion of curing {unknown}


   Skills:
 + Level 2.6 Fighting
 + Level 4.1 Long Blades
 + Level 1.1 Armour
 + Level 2.9 Dodging
 + Level 3.1 Spellcasting
 + Level 4.0 Conjurations


You had 8 spell levels left.
You knew the following spells:

 Your Spells              Type           Power      Damage    Failure   Level
a - Kiss of Death         Conj/Necr      28%        2d7       12%         1

Your spell library contained the following spells:

 Spells                   Type           Power      Damage    Failure   Level
 Momentum Strike          Conj/Tloc      14%        3d8       17%         2
 Hailstorm                Conj/Ice       7%         3d4       34%         3


Dungeon Overview and Level Annotations

Branches:
Dungeon (2/15) Zot: 571

Altars:

Annotations:
D:2 Robin


Innate Abilities, Weirdness & Mutations

You passively map a small area around you.
You are easily found by Zot.
You glow in the dark.
You regain HP and MP as you explore.


Message History

The hobgoblin no longer looks unusually strong.
Robin roars a battlecry!
The hobgoblin goes into a battle-frenzy!
The hobgoblin closely misses you.
You hit the goblin.
The goblin is severely wounded.
The goblin no longer looks unusually strong.
The hobgoblin hits you but does no damage.
The goblin barely misses you.
Robin says, "My army is invincible!"
A goblin comes into view. It is wielding a +0 club.
Robin throws the goblin at you! The goblin closely misses you.
The goblin barely misses you.
You closely miss the goblin.
The goblin no longer looks unusually strong.
The hobgoblin barely misses you.
A hobgoblin comes into view.
The goblin hits you with a +0 club. The goblin closely misses you.
The goblin hits you with a +0 club.
The hobgoblin hits you but does no damage.
The goblin hits you but does no damage. The goblin hits you with a +0 dagger.
* * * LOW HITPOINT WARNING * * *
A goblin comes into view. It is wielding a +0 club.
The goblin hits you with a +0 club.
* * * LOW HITPOINT WARNING * * *
Unknown command.
The goblin no longer looks unusually strong.
The hobgoblin no longer looks unusually strong.
The goblin no longer looks unusually strong.
The goblin completely misses you. The hobgoblin barely misses you.
The goblin attacks as you move away! The goblin hits you with a +0 club.
* * * LOW HITPOINT WARNING * * *
The hobgoblin attacks as you move away! The hobgoblin hits you.
* * * LOW HITPOINT WARNING * * *
The goblin no longer looks unusually strong.
The goblin barely misses you. x2
Your magical contamination has completely faded away.
The goblin attacks as you move away! The goblin closely misses you.
The hobgoblin hits you.
You die...

* , ,, ############* .
** ##..........####. ,
##............... ,,
#..............# ,, ,
,, #...†........g@## ,
, #............ggg## ,
, #..............gg#* ,
, #..............#)g.g#
##............#####g...
, ##..........## , ...
############ ,,.., , ,
, ,


You could see 3 hobgoblins and 5 goblins.

Vanquished Creatures
  Natasha (D:2)
  A bat (D:1)
  3 endoplasms (D:1)
  2 giant cockroaches (D:1)
  2 goblins
  A hobgoblin (D:1)
  3 jackals (D:1)
  2 quokkas
  3 frilled lizards (D:1)
  2 kobolds (D:1)
20 creatures vanquished.

Notes
Turn   | Place    | Note
-------+----------+-------------------------------------------
     0 | D:1      | DasRunzen the Meteoran Reaver began the quest for the Orb.
     0 | D:1      | Reached XP level 1. HP: 17/17 MP: 5/5
    40 | D:1      | Found a faded altar of an unknown god.
    44 | D:1      | Noticed a great orb of eyes
    44 | D:1      | Noticed a golden eye
    70 | D:1      | Reached XP level 2. HP: 9/24 MP: 6/6
   112 | D:1      | Noticed an eye of devastation
   112 | D:1      | Noticed a floating eye
   284 | D:1      | Reached XP level 3. HP: 30/30 MP: 8/8
   492 | D:1      | Glimpsed the power of Zot.
   542 | D:1      | Glimpsed the power of Zot.
   597 | D:2      | Noticed Natasha
   599 | D:2      | Noticed Robin
   608 | D:2      | Killed Natasha
   609 | D:2      | Reached skill level 1 in Armour
   609 | D:2      | Reached XP level 4. HP: 12/34 MP: 4/9
   614 | D:2      | Slain by a hobgoblin

Illustrated notes

Levels and vault maps discovered:
D:1:      eino_arrival_cavern_c, layout_loops_ring,
          hellmonk_ecumenical_altar_watching_god
D:2:      layout_rooms, uniq_natasha, uniq_robin

Skill      XL: |  1  2  3 |
---------------+----------+-----
Spellcasting   | 3 |  3.1
Long Blades    | 4 |  4.1
Armour         | 1 |  1.1
Conjurations   | 4 |  4.0
Fighting       | |  2.6
Dodging        | |  2.9

Action                   |  1- 3 |  4- 6 || total
-------------------------+-------+-------++-------
Melee: Falchion          |    79 |     3 ||    82
 Cast: Kiss of Death     |     2 |       ||     2
Armor: Leather armour    |    27 |     3 ||    30
Dodge: Dodged            |    47 |    11 ||    58

Table legend: (Time is in decaauts)
 A = Elapsed time spent in this place.
 B = Non-inter-level travel time spent in this place.
 C = Inter-level travel time spent in this place.
 D = Time resting spent in this place.
 E = Time spent auto-exploring this place.
 F = Levels seen in this place.
 G = Mean time per level.
                   A        B        C        D        E       F      G
               +--------+--------+--------+--------+--------+-----+--------+
         Total |    627 |    627 |      0 |      0 |    431 |   2 |  313.5 |
       Dungeon |    627 |    627 |      0 |      0 |    431 |   2 |  313.5 |
               +--------+--------+--------+--------+--------+-----+--------+

Top non-repeatable levels by time:
     D:1: 578 daAuts
     D:2: 48 daAuts
